AoeStats
← khiemkocodua

Oasis

507923758Analyzed
4v4 RM · 11d ago on Sep 20, 2026· 105m 28s· 8 players
Game mode
Random Map
Map size
Large (8 player)
Population
200
Speed
Normal
Resources
Standard
Victory
Conquest
Starting age
Dark Age
Ending age
Imperial Age
RankedLock teamsTeams togetherTeam positionsShared explorationLock speedFull tech treeHidden civsTurbo modeCheats
Victory
Defeat
🇹🇼 Aztecs · Taiwan
1170
+14
🇨🇳 Gurjaras · China
1151
+14
🇮🇳 Magyars · India
1126
+15
🇻🇳 Inca · Vietnam
1117
+16
🇹🇷 Bulgarians · Türkiye
1216
-18
🇦🇺 Byzantines · Australia
1093
-14
🇹🇷 Britons · Türkiye
1084
-14
🇺🇸 Lithuanians · United States
1063
-13
khiemkocodua
10:52 Feudal Age
11:04 Feudal Age
9:23 Loom
11:08 Feudal Age
16:12 Castle Age
15:58 Double-Bit Axe
16:08 Stone Mining
16:14 Stone Mining
16:16 Horse Collar
19:09 Stone Shaft Mining
18:48 Bow Saw
23:25 Horse Collar
24:33 Scale Mail Armor
26:34 Chain Mail Armor
26:30 Forging
27:20 Heavy Plow
31:59 Imperial Age
32:10 Iron Casting
31:34 Gold Mining
32:00 Elite Kamayuk
33:03 Conscription
33:26 Plate Mail Armor
33:58 Blast Furnace
39:59 Fabric Shields
40:05 Fabric Shields
41:13 Padded Archer Armor
41:04 Fletching
42:32 Andean Sling
43:08 Hoardings
61:45 Leather Archer Armor
61:25 Bodkin Arrow
62:39 Pikeman
63:20 Squires
62:41 Champi Runner
63:07 Arson
63:24 Halberdier
64:10 Champi Warrior
66:36 Gold Shaft Mining
66:31 Crop Rotation
65:44 Treadmill Crane
65:50 Arrowslits
65:55 Guard Tower
66:27 Ballistics
67:08 Chemistry
66:23 Masonry
65:56 Elite Skirmisher
67:01 Thumb Ring
69:35 Bracer
70:05 Ring Archer Armor
75:53 Capped Ram
76:45 Siege Ram
88:36 Coinage
88:16 Guilds
88:07 Caravan
90:32 Banking
100:18 Spies/Treason
330609350
5:02 Loom
11:19 Feudal Age
12:55 Horse Collar
19:14 Castle Age
18:29 Scale Barding Armor
20:02 Bloodlines
23:34 Double-Bit Axe
26:20 Wheelbarrow
28:56 Bow Saw
28:40 Fletching
30:32 Hand Cart
32:00 Heavy Plow
34:44 Imperial Age
32:20 Town Watch
32:58 Chain Barding Armor
32:46 Husbandry
33:18 Gold Mining
34:29 Forging
37:04 Elite Shrivamsha Rider
39:13 Plate Barding Armor
39:14 Iron Casting
38:40 Heavy Camel Rider
38:40 Heavy Camel Rider
40:27 Conscription
43:57 Bodkin Arrow
45:05 Frontier Guards
46:53 Light Cavalry
52:16 Crop Rotation
52:26 Gold Shaft Mining
53:02 Bracer
55:47 Caravan
59:43 Hussar
104:28 Onager
Garfield
7:51 Loom
10:25 Feudal Age
17:53 Castle Age
18:12 Fletching
22:26 Horse Collar
24:57 Crossbowman
26:57 Forging
26:39 Gold Mining
28:50 Padded Archer Armor
29:24 Town Watch
29:36 Bodkin Arrow
29:35 Double-Bit Axe
30:45 Scale Mail Armor
32:23 Leather Archer Armor
32:40 Heavy Plow
33:09 Herbal Medicine
33:25 Fervor
32:50 Pikeman
33:31 Squires
34:45 Sanctity
34:32 Eagle Warrior
36:16 Ballistics
37:49 Gold Shaft Mining
38:25 Wheelbarrow
38:03 Redemption
42:34 Imperial Age
40:38 Arson
42:45 Hand Cart
43:34 Iron Casting
43:14 Chain Mail Armor
42:43 Arbalester
43:57 Crop Rotation
44:54 Elite Eagle Warrior
46:16 Conscription
48:00 Blast Furnace
48:23 Plate Mail Armor
48:42 Garland Wars
48:50 Elite Skirmisher
53:10 Chemistry
54:06 Capped Ram
56:26 Siege Ram
58:03 Atlatl
66:00 Town Patrol
88:20 Bracer
88:18 Guard Tower
101:19 Block Printing
103:30 Illumination
103:41 Theocracy
Butcher
6:17 Loom
9:38 Feudal Age
11:14 Double-Bit Axe
19:01 Castle Age
18:37 Wheelbarrow
21:37 Fletching
25:38 Horse Collar
26:02 Bodkin Arrow
27:00 Heavy Plow
29:18 Hand Cart
29:22 Bow Saw
30:55 Gold Mining
30:56 Stone Mining
30:32 Elite Skirmisher
33:01 Gold Shaft Mining
36:08 Imperial Age
34:36 Ballistics
34:30 Thumb Ring
36:03 Corvinian Army
36:36 Bloodlines
37:29 Conscription
37:18 Husbandry
38:16 Bracer
38:22 Scale Barding Armor
39:43 Parthian Tactics
40:34 Padded Archer Armor
41:37 Chemistry
40:04 Elite Magyar Huszar
43:05 Chain Barding Armor
46:19 Heavy Cavalry Archer
47:27 Recurve Bow
50:54 Plate Barding Armor
54:50 Two-Man Saw
68:07 Crop Rotation
69:50 Caravan
72:52 Light Cavalry
74:09 Hussar
76:08 Cavalier
79:07 Cavalier
91:02 Capped Ram
102:02 Spies/Treason
RaffaEP
0:32 Loom
11:34 Feudal Age
15:59 Castle Age
14:16 Double-Bit Axe
14:49 Horse Collar
16:13 Gold Mining
19:06 Wheelbarrow
19:54 Fervor
24:27 Bow Saw
24:23 Stone Mining
26:00 Hand Cart
27:09 Heavy Plow
28:02 Scale Barding Armor
28:32 Forging
28:13 Fletching
28:24 Treadmill Crane
28:42 Murder Holes
30:00 Bloodlines
30:49 Chain Barding Armor
31:05 Iron Casting
31:23 Stone Shaft Mining
31:48 Ballistics
31:40 Masonry
35:00 Imperial Age
33:00 Scale Mail Armor
32:56 Bodkin Arrow
33:08 Hill Forts
34:20 Husbandry
34:39 Chain Mail Armor
34:24 Padded Archer Armor
36:48 Chemistry
35:20 Cavalier
37:11 Plate Barding Armor
36:54 Pikeman
37:20 Arson
38:30 Paladin
40:54 Elite Skirmisher
41:39 Thumb Ring
42:27 Bracer
42:42 Leather Archer Armor
43:32 Ring Archer Armor
46:38 Light Cavalry
Finn The Human
6:49 Loom
9:04 Feudal Age
9:55 Double-Bit Axe
11:30 Fletching
12:43 Padded Archer Armor
20:41 Castle Age
21:52 Bow Saw
21:42 Bodkin Arrow
21:48 Padded Archer Armor
22:29 Horse Collar
24:18 Ballistics
26:14 Gold Mining
27:44 Wheelbarrow
28:53 Heavy Plow
29:48 Hand Cart
34:08 Imperial Age
31:36 Town Watch
32:16 Stone Mining
33:05 Gold Shaft Mining
33:32 Leather Archer Armor
34:44 Yeomen
34:22 Elite Longbowman
35:20 Heavy Plow
37:16 Chemistry
37:08 Conscription
36:58 Bracer
38:07 Ring Archer Armor
37:48 Town Patrol
38:42 Hoardings
38:42 Siege Engineers
41:06 Masonry
40:37 Treadmill Crane
42:48 Warwolf
47:40 Caravan
AbIGwAteRmElOn
1:12 Loom
13:28 Feudal Age
14:56 Horse Collar
23:16 Castle Age
21:21 Gold Mining
22:19 Stone Mining
22:32 Fletching
22:52 Forging
22:53 Scale Barding Armor
23:04 Double-Bit Axe
24:35 Bodkin Arrow
29:24 Wheelbarrow
29:16 Bow Saw
35:56 Imperial Age
34:35 Hand Cart
35:53 Gold Shaft Mining
35:58 Stone Shaft Mining
35:38 Fortified Wall
35:08 Treadmill Crane
35:28 Murder Holes
37:17 Chain Barding Armor
37:32 Iron Casting
37:37 Ballistics
38:19 Chemistry
36:43 Heavy Camel Rider
37:24 Husbandry
36:46 Light Cavalry
37:37 Caravan
37:41 Heavy Plow
40:29 Plate Barding Armor
39:55 Bracer
40:22 Hussar
47:03 Conscription
46:56 Squires
46:41 Arson
46:17 Pikeman
47:02 Scale Mail Armor
48:02 Chain Mail Armor
48:03 Halberdier
51:09 Plate Mail Armor
53:04 Two-Man Saw
54:08 Guard Tower
54:04 Arrowslits
58:36 Keep
69:41 Coinage
69:22 Guilds
77:11 Banking
Crucio
11:24 Feudal Age
12:23 Double-Bit Axe
12:26 Loom
13:30 Horse Collar
14:58 Scale Mail Armor
15:09 Forging
17:54 Arson
19:43 Wheelbarrow
23:25 Castle Age
24:42 Iron Casting
24:22 Chain Mail Armor
24:40 Gambesons
24:55 Squires
25:12 Chain Mail Armor
32:25 Hand Cart
32:31 Heavy Plow
55:57 Imperial Age
57:13 Elite Skirmisher
57:58 Thumb Ring
57:56 Padded Archer Armor
57:46 Fletching
57:54 Fletching
61:01 Leather Archer Armor
60:42 Bodkin Arrow
Connection lost

Rejoining the realm…

Still unreachable

The connection could not be restored.

Session expired

The server has moved on; the page needs a fresh start.